 Dungeon Crawl Stone Soup version 0.27.0 (webtiles) character file.

Game seed: 15834279368198184725

54 Tirrikindir the Skirmisher (level 3, -2/43 HPs)
             Began as a Demonspawn Abyssal Knight on July 30, 2021.
             Was a Follower of Lugonu.
             Slain by a quokka (4 damage)
             ... on level 3 of the Dungeon.
             The game lasted 00:04:14 (2426 turns).

Tirrikindir the Skirmisher (DsAK)                   Turns: 2426, Time: 00:04:15

Health: -2/43      AC: 21    Str: 13    XL:     3   Next: 66%
Magic:  14/14      EV:  2    Int: 13    God:    Lugonu [*.....]
Gold:   151        SH:  0    Dex: 12    Spells: 2/2 levels left

rFire    . . .     SeeInvis .   a - +1 falchion
rCold    . . .     Faith    .   (no shield)
rNeg     + + +     Spirit   .   (armour currently unavailable)
rPois    +         Reflect  .   (helmet currently unavailable)
rElec    .         Harm     .   (cloak currently unavailable)
rCorr    .         Rampage  .   (gloves currently unavailable)
Will     .....     NoTele   +   (boots currently unavailable)
Stlth    +.........             (no amulet)
HPRegen  0.14/turn              c - ring of magical power
MPRegen  0.14/turn              (no ring)

@: tree-form
A: stationary, stasis, torment immunity, boosted hp, (talons 1), rugged brown
scales 1
a: Renounce Religion, Depart the Abyss


You were on level 3 of the Dungeon.
You worshipped Lugonu.
Lugonu was aware of your devotion.
You were a tree.
You visited 1 branch of the dungeon, and saw 3 of its levels.
You visited the Abyss 1 time.

You collected 151 gold pieces.

Inventory:

Hand Weapons
 a - a +1 falchion (weapon)
 d - a +0 rapier
Armour
 f - a +0 ring mail (melded)
Jewellery
 c - a ring of magical power (left branch)
Scrolls
 g - a scroll of teleportation
 h - a scroll of amnesia
Potions
 b - a potion of lignification


   Skills:
 + Level 3.3 Fighting
 * Level 2.6 Long Blades
 + Level 2.1 Armour
 + Level 1.3 Dodging
 + Level 3.0 Invocations


You had 2 spell levels left.
You didn't know any spells.
Your spell library was empty.

Dungeon Overview and Level Annotations

Branches:
Dungeon (3/15)

Altars:


Innate Abilities, Weirdness & Mutations

You are a tree.
Your roots penetrate the ground, keeping you stationary.
You cannot be teleported.
You are immune to unholy pain and torment.
Your maximum health is greatly increased.
Your equipment is partially melded.
((You have sharp toenails.))
(You are partially covered in rugged brown scales. (AC +1, +3% HP))


Message History

* * * LOW HITPOINT WARNING * * *
The kobold hits you but does no damage. x2
You hit the kobold.
You kill the kobold!
Lugonu accepts your kill.
You feel sick.
The quokka bites you but does no damage.
The kobold hits you but does no damage.
You closely miss the kobold.
The kobold is heavily wounded.
You feel sick.
The quokka bites you but does no damage.
The kobold hits you but does no damage. The quokka bites you.
* * * LOW HITPOINT WARNING * * *
You miss the kobold.
The kobold is heavily wounded.
You feel sick. The kobold hits you but does no damage.
The quokka bites you but does no damage.
You hit the kobold but do no damage.
The kobold is heavily wounded.
You feel sick.
An endoplasm comes into view.
The quokka bites you but does no damage.
The kobold hits you but does no damage.
You barely miss the kobold.
The kobold is heavily wounded.
You feel sick.
The quokka bites you but does no damage.
The kobold hits you but does no damage.
The quokka bites you but does no damage.
You hit the kobold but do no damage.
The kobold is heavily wounded.
You feel sick.
You are no longer poisoned.
The kobold hits you with a +0 whip.
* * * LOW HITPOINT WARNING * * *
The quokka bites you but does no damage.
The kobold hits you but does no damage.
You closely miss the quokka. The quokka bites you.
You die...

......... ####
......... .....
.........
.......#J..(....
.......#........
.......#........
.....(.#)r......
.......K♣......#
...............#
...............#
#####..†....>.#
#..............
#..........####
#..........#
#..........#
##..........#


You could see an endoplasm, a quokka and a kobold.

Vanquished Creatures
  2 adders (D:2)
  A dart slug (D:1)
  6 ball pythons
  2 endoplasms
  2 goblins
  3 hobgoblins (D:1)
  3 jackals (D:2)
  5 bats
  4 frilled lizards
  4 kobolds
  3 rats
35 creatures vanquished.

Notes
Turn   | Place    | Note
-------+----------+-------------------------------------------
     0 | Abyss:1  | Tirrikindir the Demonspawn Abyssal Knight began the quest
                  | for the Orb.
     0 | Abyss:1  | Reached XP level 1. HP: 18/18 MP: 2/2
    64 | Abyss:1  | Noticed a thrashing horror
    67 | D:1      | Escaped the Abyss
   692 | D:1      | Reached skill level 1 in Dodging
   785 | D:1      | Gained mutation: You are partially covered in rugged brown
                  | scales. (AC +1, +3% HP) [demonic ancestry]
   785 | D:1      | Reached XP level 2. HP: 17/24 MP: 4/4
  1092 | D:1      | Reached * piety under Lugonu
  1389 | D:1      | Found a faded altar of an unknown god.
  1589 | D:2      | Gained mutation: You have sharp toenails. [demonic
                  | ancestry]
  1589 | D:2      | Reached XP level 3. HP: 15/29 MP: 5/5
  2425 | D:3      | HP: 2/43 [kobold (1)]
  2426 | D:3      | Slain by a quokka

Illustrated notes

Levels and vault maps discovered:
D:1:      dpeg_arrival_tiny_h, layout_loops_ring,
          hellmonk_ecumenical_altar_inner_sanctum
D:2:      layout_loops_cross
D:3:      layout_basic, general_overflow_altar, gammafunk_ghost_nasty_kobolds,
          patterned_corridor

Skill      XL: |  1  2  3 |
---------------+----------+-----
Dodging        | 1 |  1.3
Long Blades    | 2 |  2.6
Armour         | 2 |  2.1
Invocations    | 3 |  3.0
Fighting       | |  3.3

Action                   || total
-------------------------++-------
Melee: Falchion          ||   107
       Kick              ||     6
Invok: Depart the Abyss  ||     1
  Use: Scroll            ||     4
       Potion            ||     1
Armor: Leather armour    ||     5
       Ring mail         ||    37
       Skin              ||    15
Dodge: Dodged            ||    72
       Rpst.: Falchion   ||    19
